 Dungeon Crawl Stone Soup version 0.20.0-14-g326068f (webtiles) character file.

1174 GordonOverkill the Slicer (level 8, -2/52 HPs)
             Began as a Kobold Artificer on June 8, 2017.
             Was an Initiate of Elyvilon.
             Shot with an arrow by a centaur (10 damage)
             ... on level 5 of the Dungeon.
             The game lasted 00:26:29 (6058 turns).

GordonOverkill the Slicer (Kobold Artificer)        Turns: 6058, Time: 00:26:29

Health: -2/52      AC:  6    Str: 11    XL:     8   Next: 68%
Magic:  10/10      EV:  6    Int: 13    God:    Elyvilon [......]
Gold:   240        SH:  0    Dex: 15    Spells: 7/7 levels left

rFire    . . .     SeeInvis .   r - +1 dagger (venom)
rCold    . . .     Gourm    .   (shield restricted)
rNeg     . . .     Faith    .   i - +0 scale mail
rPois    .         Spirit   .   (no helmet)
rElec    .         Reflect  .   (no cloak)
rCorr    .         Harm     .   (no gloves)
MR       .....                  (no boots)
Stlth    ..........             (no amulet)
Regen    0.2/turn               (no ring)
MPRegen  0.2/turn               (no ring)

@: held
A: carnivore 3
a: Renounce Religion


You were on level 5 of the Dungeon.
You worshipped Elyvilon.
Elyvilon was noncommittal.
You were completely stuffed.

You visited 2 branches of the dungeon, and saw 6 of its levels.

You collected 240 gold pieces.

Inventory:

Hand Weapons
 r - a +1 dagger of venom (weapon)
Missiles
 h - 121 stones (quivered)
 v - 59 sling bullets
Armour
 i - a +0 scale mail (worn)
Jewellery
 D - a cursed -2 ring of dexterity {unknown}
Wands
 c - a wand of flame (2/48)
 d - a wand of enslavement (14/24)
 e - a wand of random effects (15/48)
 o - a wand of confusion (12/48)
 t - a wand of acid (7/15)
 y - a wand of confusion (7/48)
 F - a wand of polymorph (7/24)
Scrolls
 b - a scroll of blinking {unknown}
 j - a scroll of fog {unknown}
 k - a scroll of enchant armour {unknown}
 n - a scroll of remove curse {unknown}
 q - a scroll of enchant weapon {unknown}
 s - a scroll of noise {unknown}
 u - a scroll of fear {unknown}
 C - a scroll of immolation {unknown}
Potions
 a - a potion of magic
 g - 2 potions of invisibility
 l - a potion of brilliance
 p - 2 potions of agility
 w - 3 potions of degeneration {unknown}
 x - 3 potions of heal wounds
 z - a potion of resistance {unknown}
 B - 3 potions of flight {unknown}
 E - 2 potions of curing {unknown}
 G - 2 potions of might {unknown}
 H - 3 potions of haste
Comestibles
 f - 2 meat rations
 A - 2 royal jellies
 I - 2 chunks of flesh


   Skills:
 + Level 6.6 Fighting
 - Level 10.0 Short Blades
 - Level 2.4 Dodging
 - Level 1.3 Stealth
 - Level 3.6 Evocations


You had 7 spell levels left.
You didn't know any spells.

Dungeon Overview and Level Annotations

Branches:
Dungeon (5/15)             Temple (1/1) D:5

Altars:
Ashenzari
Cheibriados
Dithmenos
Elyvilon
Fedhas
Gozag
Hepliaklqana
Kikubaaqudgha
Makhleb
Nemelex Xobeh
Okawaru
Qazlal
Trog
Uskayaw
Vehumet
Xom
Yredelemnul
Zin
The Shining One

Annotations:
D:3 2 transporters
D:5 Menkaure


Innate Abilities, Weirdness & Mutations

You are small and have problems with some larger weapons.
You are carnivorous and can eat meat at any time.


Message History

As you read the scroll of teleportation, it crumbles to dust.
You feel strangely unstable. The gnoll hits you but does no damage.
The gnoll hits itself but does no damage.
Your surroundings suddenly seem different.
Menkaure, Prince of Dust comes into view.
Menkaure shouts!
Found 2 royal jellies.
Found a stone staircase leading down.
A gnoll comes into view. It is wielding a flail.
Okay, then.
Menkaure moves out of view.
A worm, a gnoll and a centaur come into view.
The centaur shouts!
The gnoll shouts!
The centaur wields a shortbow.
The centaur shoots an arrow.
The arrow barely misses you.
The gnoll throws a throwing net.
The throwing net hits you.
You become entangled in the net!
Menkaure casts a spell at you. Pain shoots through your body!
* * * LOW HITPOINT WARNING * * *
The centaur shoots an arrow.
The arrow hits you!
You die...

#..(# #..5#
...c..g #..c#
..w.... #Z).#
....... #†(.#
....... #...#
....... #(###
....... ##.#
......>#####
.(.#
.......@...#
####
##########...#
# ###M.# .
.g... #. ....%
#.# #.### # #
.. # ##


You could see Menkaure, a centaur, a worm and a gnoll.

Vanquished Creatures
  Grinder (D:3)
  The ghost of Oki the Cutter, an amateur OpMo (D:4)
  Sigmund (D:3)
  2 sky beasts
  A gnoll sergeant (D:5)
  A water moccasin zombie (D:5)
  A howler monkey (D:5)
  A hound (D:4)
  Ijyb (D:3)
  A worker ant (D:4)
  A howler monkey skeleton (D:5)
  5 adders
  8 gnolls
  An ooze (D:2)
  3 worms
  3 dart slugs (D:1)
  2 leopard geckos
  5 orcs (D:3)
  5 giant cockroaches
  11 goblins
  3 hobgoblins
  3 jackals (D:4)
  3 quokkas
  8 bats
  7 frilled lizards
  9 kobolds
  5 rats
93 creatures vanquished.

Notes
Turn   | Place    | Note
-------+----------+-------------------------------------------
     0 | D:1      | GordonOverkill the Kobold Artificer began the quest for the Orb.
     0 | D:1      | Reached XP level 1. HP: 12/12 MP: 3/3
   362 | D:1      | Reached skill level 2 in Short Blades
   398 | D:1      | Reached XP level 2. HP: 13/16 MP: 4/4
   727 | D:1      | Reached skill level 3 in Short Blades
  1276 | D:1      | Reached XP level 3. HP: 15/20 MP: 5/5
  1658 | D:1      | Reached skill level 4 in Short Blades
  2457 | D:2      | Reached XP level 4. HP: 25/25 MP: 6/6
  2573 | D:2      | Reached skill level 5 in Short Blades
  3131 | D:3      | Found a transporter.
  3146 | D:3      | Found a transporter.
  3150 | D:3      | Noticed Grinder
  3167 | D:3      | Killed Grinder
  3167 | D:3      | Reached skill level 7 in Short Blades
  3167 | D:3      | Reached XP level 5. HP: 29/29 MP: 7/7
  3167 | D:3      | Reached XP level 6. HP: 34/34 MP: 8/8
  3229 | D:3      | Noticed a sky beast
  3242 | D:3      | Killed a sky beast
  3242 | D:3      | Reached skill level 8 in Short Blades
  3402 | D:3      | Noticed Ijyb
  3418 | D:3      | Killed Ijyb
  3418 | D:3      | Reached XP level 7. HP: 38/38 MP: 9/9
  3557 | D:3      | Reached skill level 9 in Short Blades
  4125 | D:3      | Noticed Sigmund
  4143 | D:3      | Killed Sigmund
  4143 | D:3      | Reached skill level 10 in Short Blades
  4414 | D:4      | Noticed Oki's ghost (amateur OpMo)
  4440 | D:4      | Killed Oki's ghost
  4440 | D:4      | Reached XP level 8. HP: 48/48 MP: 10/10
  4521 | D:4      | Found a hazy altar of Hepliaklqana.
  5394 | D:5      | Entered Level 5 of the Dungeon
  5396 | D:5      | Found a staircase to the Ecumenical Temple.
  5406 | Temple   | Entered the Ecumenical Temple
  5601 | Temple   | Became a worshipper of Elyvilon the Healer
  5675 | D:5      | Reached skill level 5 in Fighting
  6055 | D:5      | Noticed Menkaure
  6058 | D:5      | Shot with an arrow by a centaur

Skill      XL: |  1  2  3  4  5  6  7  8 |
---------------+-------------------------+-----
Short Blades   | 2 3 4 7 8 10 | 10.0
Fighting       | 4 6 |  6.6
Dodging        | |  2.4
Stealth        | |  1.3
Evocations     | |  3.6

Action                   |  1- 3 |  4- 6 |  7- 9 || total
-------------------------+-------+-------+-------++-------
Melee: Short sword       |    93 |       |       ||    93
       Dagger            |    11 |    51 |   187 ||   249
Throw: Stone             |    58 |    26 |    65 ||   149
Evoke: Wand              |    13 |     5 |    15 ||    33
  Use: Scroll            |     7 |       |     1 ||     8
 Stab: Confused          |       |     3 |     5 ||     8
  Eat: Chunk             |    13 |     3 |     8 ||    24
Armor: Leather armour    |     6 |       |       ||     6
       Scale mail        |     9 |    12 |    20 ||    41
Dodge: Dodged            |    51 |    23 |    50 ||   124
